 Dungeon Crawl Stone Soup version 0.20.0-10-g0535bb4 (webtiles) character file.

1116 MTVSty1e the Basher (level 8, -5/46 HPs)
             Began as a Gargoyle Fighter on June 6, 2017.
             Was a Follower of Okawaru.
             Slain by an orc warrior
             ... wielding a +0 dire flail
              (23 damage)
             ... in the Ecumenical Temple.
             The game lasted 00:08:50 (4428 turns).

MTVSty1e the Basher (Gargoyle Fighter)              Turns: 4428, Time: 00:08:51

Health: -5/46      AC: 14    Str: 22    XL:     8   Next: 34%
Magic:  8/8        EV:  7    Int:  9    God:    Okawaru [*.....]
Gold:   140        SH:  9    Dex:  9    Spells: 7/7 levels left

rFire    . . .     SeeInvis .   a - +0 flail
rCold    . . .     Gourm    .   c - +0 shield
rNeg     + . .     Faith    .   b - +0 scale mail
rPois    ∞         Spirit   .   (no helmet)
rElec    +         Reflect  .   (no cloak)
rCorr    .         Harm     .   (no gloves)
MR       .....                  i - +1 pair of boots
Stlth    ..........             (no amulet)
Regen    0.2/turn               (no ring)
MPRegen  0.2/turn               (no ring)

@: no status effects
A: negative energy resistance 1, electricity resistance, unbreathing,
petrification resistance, rot immunity, AC +5
a: Heroism, Renounce Religion


You were in the Ecumenical Temple.
You worshipped Okawaru.
Okawaru was aware of your devotion.
You were hungry.

You visited 2 branches of the dungeon, and saw 6 of its levels.
You also visited: Sewer.

You collected 140 gold pieces.

Inventory:

Hand Weapons
 a - a +0 flail (weapon)
Armour
 b - a +0 scale mail (worn)
 c - a +0 shield (worn)
 i - a +1 pair of boots (worn)
Wands
 m - a wand of random effects (31/48)
Scrolls
 h - a scroll of identify
 j - 2 scrolls of amnesia
 n - 4 scrolls of magic mapping
 o - a scroll of teleportation
Potions
 e - 6 potions of curing
Comestibles
 d - 2 royal jellies
 f - a fruit


   Skills:
 - Level 3.2 Fighting
 + Level 9.8 Maces & Flails
 - Level 3.2 Armour
 - Level 3.2 Shields


You had 7 spell levels left.
You didn't know any spells.

Dungeon Overview and Level Annotations

Branches:
Dungeon (5/15)             Temple (1/1) D:4

Altars:
Kikubaaqudgha
Okawaru
The Shining One


Innate Abilities, Weirdness & Mutations

You are resistant to torment.
Your stone body is resilient. (AC +5)
You are immune to poison.
You resist negative energy. (rN+)
You are resistant to electric shocks. (rElec)
You can survive without breathing.
You are immune to petrification.
You are immune to rotting.


Message History

You are too injured to fight recklessly!
You are feeling hungry.
There is a fountain of sparkling water here.
There is a staircase to the Ecumenical Temple here.
You can't go up here!
The orc shouts!
The orc warrior hits you but does no damage.
You climb downwards.
Welcome to the Ecumenical Temple!
There is a staircase back to the Dungeon here.
You are too injured to fight recklessly!
You hit the orc warrior but do no damage.
The orc warrior is heavily wounded.
The orc warrior hits you with a dire flail.
You sock the orc warrior!
The orc warrior is almost dead.
You barely miss the orc warrior.
The orc warrior is almost dead.
The orc warrior hits you with a dire flail!!
Ouch! That really hurt!
You die...

♣♣ P♣♣♣
♣♣...♣♣
♣.....♣♣.
♣@o......
♣.....♣♣♣
♣♣...♣♣
.♣♣♣ ♣♣


You could see an orc warrior.

Vanquished Creatures
  Pikel (D:5)
  The ghost of George the Cutter, an amateur HaFi (D:3)
  A slave (D:5)
  A phantom (D:4)
  2 bullfrogs (Sewer)
  An orc priest (D:4)
  2 iguanas (D:4)
  12 adders
  A river rat (Sewer)
  4 worms
  4 dart slugs
  A leopard gecko (D:3)
  10 orcs
  11 ball pythons (Sewer)
  7 giant cockroaches
  6 goblins
  3 hobgoblins
  5 jackals (D:2)
  4 quokkas
  9 bats
  9 frilled lizards
  7 kobolds
  A leopard gecko skeleton (D:4)
  35 rats
138 creatures vanquished.

Notes
Turn   | Place    | Note
-------+----------+-------------------------------------------
     0 | D:1      | MTVSty1e the Gargoyle Fighter began the quest for the Orb.
     0 | D:1      | Reached XP level 1. HP: 14/14 MP: 1/1
    57 | D:1      | Reached XP level 2. HP: 17/19 MP: 2/2
   116 | D:1      | Reached skill level 3 in Maces & Flails
   439 | D:2      | Reached XP level 3. HP: 23/23 MP: 3/3
   510 | D:2      | Found a glowing golden altar of the Shining One.
  1049 | D:2      | Reached skill level 4 in Maces & Flails
  1202 | D:2      | Reached XP level 4. HP: 27/28 MP: 4/4
  1378 | D:3      | Found an iron altar of Okawaru.
  1388 | D:3      | Became a worshipper of Warmaster Okawaru
  1415 | D:3      | Noticed George's ghost (amateur HaFi)
  1433 | D:3      | Killed George's ghost
  1433 | D:3      | Reached skill level 5 in Maces & Flails
  1433 | D:3      | Reached XP level 5. HP: 13/32 MP: 5/5
  1466 | D:3      | Reached skill level 6 in Maces & Flails
  1504 | D:3      | Found a glowing drain.
  1548 | Sewer    | Entered a sewer
  1722 | Sewer    | Reached XP level 6. HP: 34/37 MP: 6/6
  2297 | Sewer    | HP: 1/37 [bullfrog (4)]
  2304 | Sewer    | Reached skill level 7 in Maces & Flails
  2512 | Sewer    | Reached XP level 7. HP: 33/41 MP: 7/7
  3900 | D:4      | Noticed Pikel
  3908 | D:5      | Entered Level 5 of the Dungeon
  3944 | D:5      | Killed Pikel
  3944 | D:5      | Reached * piety under Okawaru
  3944 | D:5      | Reached skill level 9 in Maces & Flails
  3944 | D:5      | Reached XP level 8. HP: 8/46 MP: 8/8
  4336 | D:4      | Found an ancient bone altar of Kikubaaqudgha.
  4351 | D:4      | Found a staircase to the Ecumenical Temple.
  4425 | Temple   | Entered the Ecumenical Temple
  4428 | Temple   | Slain by an orc warrior

Skill      XL: |  1  2  3  4  5  6  7 |
---------------+----------------------+-----
Maces & Flails | 3 4 5 6 7 9 |  9.8
Fighting       | |  3.2
Armour         | |  3.2
Shields        | |  3.2

Action                   |  1- 3 |  4- 6 |  7- 9 || total
-------------------------+-------+-------+-------++-------
Melee: Flail             |   176 |   313 |   226 ||   715
  Use: Potion            |       |     7 |     2 ||     9
       Scroll            |       |     4 |     2 ||     6
  Eat: Chunk             |     1 |     2 |     1 ||     4
       Fruit             |       |     1 |     4 ||     5
       Bread ration      |       |     1 |       ||     1
Armor: Scale mail        |   129 |   295 |   115 ||   539
Dodge: Dodged            |    60 |   129 |    58 ||   247
Block: Shield            |   100 |   214 |    88 ||   402
